 Dungeon Crawl Stone Soup version 0.29.1-2-gbd0b4ee654 (webtiles) character file.

Game seed: 11708854246209251419

5992 hawla the Thaumaturge (level 11, 0/72 HPs)
             Began as a Meteoran Ice Elementalist on Nov 28, 2022.
             Was a Believer of Vehumet.
             Slain by a komodo dragon (27 damage)
             ... on level 2 of the Lair of Beasts on Nov 29, 2022.
             The game lasted 00:21:20 (4744 turns).

hawla the Thaumaturge (Meteoran Ice Elementalist)   Turns: 4744, Time: 00:21:20

Health: 0/72       AC:  6    Str: 13    XL:     11   Next: 31%
Magic:  22/36      EV: 14    Int: 28    God:    Vehumet [**....]
Gold:   313        SH:  0    Dex: 16    Spells: 24/32 levels left

rFire   . . .      SeeInvis .   v - +7 mace "Kec Tix" {vorpal, Will+ Int+3}
rCold   . . .      Faith    .   (no shield)
rNeg    . . .      Spirit   .   a - +1 robe
rPois   .          Reflect  .   B - +1 helmet
rElec   .          Harm     .   C - +0 cloak
rCorr   +          Rampage  .   (no gloves)
Will    +++..                   (no boots)
Stlth   +.........              u - amulet of magic regeneration
HPRegen 0.22/turn               d - ring of Lilacs {rCorr MP+9 Int+6}
MPRegen 0.65/turn               (no ring)

@: marked, freezing walls, glowing, unable to drink
A: sense surroundings 2, otherworldly, glowing, explore regen, frail 1,
strong-willed 1, strong 1, inability to drink after injury 2
a: Renounce Religion


You were on level 2 of the Lair of Beasts.
You worshipped Vehumet.
Vehumet was pleased with you.
You visited 3 branches of the dungeon, and saw 11 of its levels.

You collected 467 gold pieces.
You spent 154 gold pieces at shops.

Inventory:

Hand Weapons
 v - the +7 mace "Kec Tix" (weapon) {vorpal, Will+ Int+3}
   (You found it on level 3 of the Dungeon)

   It inflicts extra damage upon your enemies.
   Int:       It affects your intelligence (+3).
   Will:      It increases your willpower.
Armour
 a - a +1 robe (worn)
 B - a +1 helmet (worn)
 C - a +0 cloak (worn)
Magical Staves
 i - a staff of air
Jewellery
 d - the ring of Lilacs (left hand) {rCorr MP+9 Int+6}
   (You found it on level 2 of the Dungeon)

   [ring of magical power]

   Int:       It affects your intelligence (+6).
   MP:        It affects your magic capacity (+9).
   rCorr:     It protects you from acid and corrosion.
 u - an amulet of magic regeneration (around neck)
 D - a ring of ice
Wands
 s - a wand of mindburst (10)
 y - a wand of roots (16)
 z - a wand of quicksilver (7)
Scrolls
 e - 2 scrolls of amnesia
 f - 4 scrolls of identify
 h - a scroll of enchant armour
 k - a scroll of butterflies
 m - a scroll of brand weapon
 q - a scroll of immolation
 r - a scroll of teleportation
 t - a scroll of poison
Potions
 b - 3 potions of magic
 c - a potion of flight
 g - a potion of invisibility
 j - 2 potions of might {unknown}
 l - 4 potions of heal wounds
 n - 3 potions of lignification {unknown}
 o - 4 potions of curing {unknown}
 p - a potion of haste {unknown}
 w - 2 potions of degeneration {unknown}
 x - a potion of brilliance {unknown}


   Skills:
 + Level 2.7 Fighting
 + Level 5.2 Maces & Flails
 + Level 4.7 Dodging
 - Level 1.4 Stealth
 + Level 11.4 Spellcasting
 + Level 6.9 Conjurations
 + Level 10.9 Ice Magic
 + Level 2.0 Air Magic
 + Level 3.2 Evocations


You had 24 spell levels left.
You knew the following spells:

 Your Spells              Type           Power      Damage    Failure   Level
a - Freeze                Ice            100%       1d11      1%          1
b - Frozen Ramparts       Ice            100%       1d16      1%          3
c - Hailstorm             Conj/Ice       60%        3d13      1%          4

Your spell library contained the following spells:

 Spells                   Type           Power      Damage    Failure   Level
 Foxfire                  Conj/Fire      100%       2x1d9     1%          1
 Ozocubu's Armour         Ice            67%        N/A       1%          3
 Tukima's Dance           Hex            16%        N/A       11%         3
 Passage of Golubria      Tloc           16%        N/A       34%         4
 Yara's Violent Unravell  Hex/Tmut       8%         3d5       67%         5


Dungeon Overview and Level Annotations

Branches:
Dungeon (8/15) Zot: 601    Temple (1/1) D:6 Zot: 398    Lair (2/5) D:8 Zot: 823
  Swamp: Lair:2-3    Shoals: Lair:2-3     Snake: Lair:2-3    Spider: Lair:2-3

Altars:
Ashenzari
Cheibriados
Dithmenos
Elyvilon
Fedhas
Gozag
Hepliaklqana
Kikubaaqudgha
Makhleb
Nemelex Xobeh
Okawaru
Qazlal
Ru
Sif Muna
Trog
Uskayaw
Vehumet
Wu Jian
Xom
Yredelemnul
Zin
The Shining One

Shops:
D:5 *   D:6 ?   D:7 ?

Portals:
Ice
Cave: Lair:1
Volcano: Lair:1


Innate Abilities, Weirdness & Mutations

You passively map the area around you.
You are easily found by Zot.
You glow in the dark.
You regain HP and MP as you explore.
You are frail. (-10% HP)
You are strong-willed. (Will+)
Your muscles are strong. (Str +4, Int/Dex -1)
You sometimes lose the ability to drink potions when taking damage.


Message History

The basilisk is severely wounded.
The wall freezes the basilisk.
Unknown command.
Casting: Hailstorm (dangerous; 1% risk of failure)
Confirm with . or Enter, or press ? or * to list all spells.
Casting: Hailstorm (dangerous; 1% risk of failure)
Press: ? - help, Dir - look around, f - activate A cannonade of hail descends around you!
The hail pelts the komodo dragon!
The komodo dragon is moderately wounded.
The hail pelts the bullfrog!
The bullfrog is heavily wounded.
The hail pelts the komodo dragon!
The komodo dragon is moderately wounded.
The wall freezes the basilisk!
The basilisk seems to slow down.
The basilisk gazes at you. You resist with almost no effort.
Unknown command.
You are too injured to fight recklessly!
Casting: Hailstorm (dangerous; 1% risk of failure)
Confirm with . or Enter, or press ? or * to list all spells.
Casting: Hailstorm (dangerous; 1% risk of failure)
Press: ? - help, Dir - look around, f - activate A cannonade of hail descends around you!
The hail pelts the komodo dragon!!
The komodo dragon is almost dead.
The hail pelts the komodo dragon!
The komodo dragon is severely wounded.
The hail pelts the bullfrog!
You kill the bullfrog!
Vehumet accepts your kill.
A komodo dragon comes into view.
The wall freezes the komodo dragon but does no damage.
The wall freezes the basilisk!
You kill the basilisk!
Vehumet accepts your kill.
You hit the komodo dragon.
The komodo dragon is almost dead.
The wall freezes the komodo dragon.
The komodo dragon bites you!!
You die...

, ,, , ................. *
.. * ###.P............. ,**
,..#####..#......####.### ,
.........#P.....####..#( ,*
.P.............##.....# *
,#......#....†.#....... ,
...#..l...#............. *
*,..................#.##..
,
*,,..####@###......##.P#.#
,
,,,..####.l#...............
.........................
,,.l.......................
,
,.........................
, ....$....................
, ..........l..............
,
,.........................
, , ,...P####P.......** ,


You could see 3 komodo dragons.

Vanquished Creatures
  2 two-headed ogres (D:8)
  A komodo dragon (D:8)
  A hornet (D:8)
  2 wyverns
  2 basilisks (Lair:2)
  6 yaks (D:8)
  Eustachio (D:4)
  An acid dragon (D:8)
  3 water moccasins
  Duvessa (D:6)
  An ice beast (D:8)
  A black bear (D:6)
  A sky beast (D:7)
  An ogre (D:7)
  A centaur (D:8)
  A phantom (D:5)
  A kobold brigand (D:8)
  3 bullfrogs
  A necrophage (D:4)
  A gnoll sergeant (D:6)
  5 scorpions
  4 wights (D:5)
  Dowan (D:6)
  2 hounds
  A gnoll bouda (D:7)
  A jelly (D:8)
  An iguana (D:4)
  3 orc priests
  10 orc wizards
  Natasha (twice) (D:3)
  11 adders
  8 gnolls
  7 white imps (Lair:1)
  A worm (D:3)
  A dart slug (D:3)
  28 orcs
  4 bats
  3 endoplasms
  2 giant cockroaches (D:2)
  2 goblins (D:2)
  2 hobgoblins
  11 kobolds
  3 quokkas
  4 ball pythons
  2 frilled lizards (D:2)
  7 rats
158 creatures vanquished.

Vanquished Creatures (others)
  2 fungi (Lair:1)
  41 plants
43 creatures vanquished.

Grand Total: 201 creatures vanquished

Notes
Turn   | Place    | Note
-------+----------+-------------------------------------------
     0 | D:1      | hawla the Meteoran Ice Elementalist began the quest for the
                  | Orb.
     0 | D:1      | Reached XP level 1. HP: 14/14 MP: 5/5
    50 | D:1      | You fall into a shaft and drop 1 floor!
    72 | D:2      | Reached XP level 2. HP: 20/20 MP: 4/6
    93 | D:2      | Identified the ring of Lilacs {rCorr MP+9 Int+6}
   123 | D:2      | Found a faded altar of an unknown god.
   152 | D:2      | Reached skill level 5 in Ice Magic
   152 | D:2      | Reached XP level 3. HP: 26/26 MP: 8/8
   155 | D:2      | Reached skill level 3 in Spellcasting
   190 | D:2      | Learned a level 3 spell: Frozen Ramparts
   272 | D:2      | Reached XP level 4. HP: 33/33 MP: 9/9
   637 | D:3      | Reached skill level 1 in Air Magic
   667 | D:3      | Reached skill level 1 in Evocations
   716 | D:3      | Reached XP level 5. HP: 14/38 MP: 10/10
   725 | D:3      | Found an ornate altar of the Wu Jian Council.
   799 | D:3      | Noticed Natasha
   815 | D:3      | Killed Natasha
   873 | D:3      | Noticed Natasha
   881 | D:3      | Killed Natasha
   925 | D:3      | Identified the +7 mace "Kec Tix" {vorpal, Will+ Int+3}
  1002 | D:3      | Reached XP level 6. HP: 41/45 MP: 12/12
  1061 | D:3      | Learned a level 4 spell: Hailstorm
  1091 | D:4      | Found a hide-covered altar of Uskayaw.
  1206 | D:4      | Reached skill level 1 in Conjurations
  1332 | D:4      | Found a sacrificial altar of Ru.
  1333 | D:4      | Noticed Eustachio
  1340 | D:4      | Killed Eustachio
  1341 | D:4      | Reached XP level 7. HP: 47/50 MP: 13/13
  1710 | D:5      | Entered Level 5 of the Dungeon
  1713 | D:5      | Reached skill level 4 in Spellcasting
  1725 | D:5      | Gained mutation: Armour fits poorly on your strangely
                  | shaped body. [potion of mutation]
  1725 | D:5      | Gained mutation: You occasionally lose the ability to drink
                  | potions when taking damage. [potion of mutation]
  1725 | D:5      | Gained mutation: You are partially covered in iridescent
                  | scales. (AC +2) [potion of mutation]
  1725 | D:5      | Gained mutation: You are mostly covered in iridescent
                  | scales. (AC +4) [potion of mutation]
  1758 | D:5      | Reached skill level 1 in Maces & Flails
  1880 | D:5      | Reached skill level 1 in Fighting
  1880 | D:5      | Reached XP level 8. HP: 26/59 MP: 15/15
  1901 | D:5      | Reached skill level 5 in Spellcasting
  2121 | D:5      | Identified the +1 leather armour "Urom Cuff" {Dex+2}
  2193 | D:5      | Found Luacuot's Assorted Antiques.
  2201 | D:5      | Bought a brown potion for 21 gold pieces
  2201 | D:5      | Bought a sedimented orange potion for 21 gold pieces
  2201 | D:5      | Bought a scroll of identify for 48 gold pieces
  2201 | D:5      | Bought 2 golden potions for 43 gold pieces
  2201 | D:5      | Bought a green potion for 21 gold pieces
  2219 | D:6      | Found Hoasudgh's Magic Scroll Shoppe.
  2325 | D:6      | Reached skill level 6 in Spellcasting
  2422 | D:6      | Gained mutation: You passively map the area around you.
                  | [Meteoran growth]
  2422 | D:6      | Reached XP level 9. HP: 64/67 MP: 19/19
  2607 | D:6      | Found a staircase to the Ecumenical Temple.
  2616 | Temple   | Entered the Ecumenical Temple
  2789 | Temple   | Became a worshipper of Vehumet
  2842 | D:6      | Reached skill level 7 in Spellcasting
  2945 | D:6      | Noticed Dowan
  2946 | D:6      | Noticed Duvessa
  2948 | D:6      | Killed Dowan
  2949 | D:6      | Killed Duvessa
  3407 | D:7      | Found Olup's Magic Scroll Shoppe.
  3422 | D:7      | Reached skill level 8 in Spellcasting
  3586 | D:7      | Found a sparkling altar of Nemelex Xobeh.
  3658 | D:7      | Reached skill level 9 in Spellcasting
  3903 | D:8      | Reached * piety under Vehumet
  3903 | D:8      | Offered knowledge of Magic Dart by Vehumet.
  3904 | D:8      | Reached skill level 5 in Conjurations
  3904 | D:8      | Reached XP level 10. HP: 69/73 MP: 16/24
  3923 | D:8      | Paralysed by a hornet for 1 turns
  3925 | D:8      | Reached skill level 10 in Spellcasting
  4011 | D:8      | Noticed a two-headed ogre
  4016 | D:8      | Killed a two-headed ogre
  4027 | D:8      | Noticed a two-headed ogre
  4034 | D:8      | Killed a two-headed ogre
  4035 | D:8      | Reached skill level 5 in Maces & Flails
  4035 | D:8      | Reached skill level 10 in Ice Magic
  4036 | D:8      | Reached XP level 11. HP: 50/81 MP: 19/26
  4043 | D:8      | Reached skill level 11 in Spellcasting
  4309 | D:8      | Found a staircase to the Lair.
  4369 | Lair:1   | Entered Level 1 of the Lair of Beasts
  4400 | Lair:1   | Found a dark tunnel.
  4631 | Lair:1   | Lost mutation: Armour fits poorly on your strangely shaped
                  | body. [potion of mutation]
  4631 | Lair:1   | Lost mutation: You are mostly covered in iridescent scales.
                  | (AC +4) [potion of mutation]
  4631 | Lair:1   | Lost mutation: You are partially covered in iridescent
                  | scales. (AC +2) [potion of mutation]
  4631 | Lair:1   | Gained mutation: Your muscles are strong. (Str +4, Int/Dex
                  | -1) [potion of mutation]
  4631 | Lair:1   | Gained mutation: You sometimes lose the ability to drink
                  | potions when taking damage. [potion of mutation]
  4631 | Lair:1   | Gained mutation: You are frail. (-10% HP) [potion of
                  | mutation]
  4631 | Lair:1   | Gained mutation: You are strong-willed. (Will+) [potion of
                  | mutation]
  4632 | Lair:1   | Found a frozen archway.
  4740 | Lair:2   | Offered knowledge of Foxfire by Vehumet.
  4743 | Lair:2   | Reached ** piety under Vehumet
  4744 | Lair:2   | Slain by a komodo dragon

Illustrated notes

Levels and vault maps discovered:
D:1:      dpeg_arrival_round_c, layout_basic
D:2:      layout_basic, hellmonk_ecumenical_altar_inner_sanctum,
          corexii_item_surrounded_by_moat, serial_park_tiny_1
D:3:      layout_rooms, nzn_wu_jian_contemplation, uniq_natasha
D:4:      layout_loops_ring, mainiacjoe_overflow_six_doors_small,
          nicolae_ru_the_path_less_chosen, uniq_eustachio
D:5:      layout_rooms, serial_shops, shop
D:6:      layout_basic, temple_statues, serial_shops, shop, uniq_duvessa
D:7:      layout_basic, nemelex_dance_club_becter, serial_shops,
          nicolae_diamond_shop
D:8:      layout_loops_ring, david_lair_shrubbed
Temple:   nicolae_temple_bog_church
Lair:1:   layout_cave_pods, portal_ice_cave_entry_imps,
          nicolae_volcano_entry_lava_flow, lemuel_fruit_tree,
          serial_bayou_shore_a, lemuel_fruit_fields
Lair:2:   layout_regular_city, serial_bayou_shore_b, grunt_megastairs_2,
          lemuel_fruit_fields, uniq_erica

Skill      XL: |  1  2  3  4  5  6  7  8  9 10 11 |
---------------+----------------------------------+-----
Ice Magic      | 5 6 7 8 10 | 10.9
Spellcasting   | 3 4 6 9 10 11 | 11.4
Air Magic      | 2 |  2.0
Evocations     | 2 3 |  3.2
Conjurations   | 4 5 6 |  6.9
Maces & Flails | 2 3 4 5 |  5.2
Fighting       | 1 2 |  2.7
Dodging        | 3 4 |  4.7
Stealth        | |  1.4

Action                   |  1- 3 |  4- 6 |  7- 9 | 10-12 || total
-------------------------+-------+-------+-------+-------++-------
Melee: Unarmed           |     3 |     2 |       |       ||     5
       Staff             |       |     9 |       |       ||     9
       Mace              |       |    11 |    40 |    19 ||    70
       Punch             |       |     1 |       |       ||     1
 Cast: Freeze            |    15 |    40 |     6 |     6 ||    67
       Frozen Ramparts   |     2 |     8 |    25 |     9 ||    44
       Hailstorm         |       |       |    28 |    28 ||    56
Evoke: Wand              |       |       |     3 |     5 ||     8
  Use: Scroll            |       |       |    12 |     7 ||    19
       Potion            |       |       |     1 |     1 ||     2
 Stab: Sleeping          |       |     1 |       |       ||     1
Armor: Robe              |     5 |     7 |    12 |    11 ||    35
Dodge: Dodged            |     6 |    34 |    38 |    17 ||    95
